nht, chaotic female elven Wizard ; --. ...| --.| | X @ @ |.|}--------------- |.|}}}}}}|........| @@@@@@@@@ |.|.....}|.L...E@.|@@@@@@@ @@ |.|...._}|R....N@O|---- | |.......}R...{..`@M.L.HT H -.........\( ---...._}|T.....`O|---- | ......}|........|@@@ @ @@@@ |}}}}}}|O...L...|@@@@@@@@@@ |}--------------- | nht the Thaumaturge Experience level: 9 Strength: 13 Dexterity: 13 Constitution: 11 Intelligence: 18 Wisdom: 11 Charisma: 14 Health: 0(59) Energy: 77(93) Def: 2 Gold: 49 Moves: 1697 Dungeon seed: PzgvQSunwrPbBnuD Game ID: nht_1433228509 Your Inventory: Coins $ - 49 gold pieces Amulets N - an uncursed amulet of ESP (being worn) Weapons a - a blessed +1 quarterstaff (weapon in hands) x - a -1 dwarvish mattock Armor e - an uncursed +0 cloak of magic resistance (being worn) B - an uncursed +0 elven leather helm C - an uncursed +0 pair of water walking boots (being worn) O - an uncursed +0 pair of elven boots Scrolls j - an uncursed scroll of enchant armor k - an uncursed scroll of magic mapping m - a blessed scroll of identify q - an uncursed scroll of fire u - 2 uncursed scrolls of create monster A - a blessed scroll of fire J - an uncursed scroll of identify M - an uncursed scroll of remove curse V - an uncursed scroll of enchant weapon Spellbooks Z - a blessed spellbook of healing Potions w - an uncursed potion of water z - 2 uncursed potions of see invisible D - an uncursed potion of extra healing T - an uncursed potion of enlightenment X - a blessed potion of full healing Rings c - an uncursed ring of sustain ability d - an uncursed +2 ring of gain strength (on left hand) K - an uncursed ring of fire resistance Wands b - a wand of create monster (0:15) F - a wand of sleep (0:1) P - a wand of digging (0:4) W - a wand of opening (0:6) Tools f - an uncursed wooden flute i - 10 uncursed wax candles (0:400) o - a magic marker (0:40) t - an uncursed towel v - an uncursed skeleton key y - an uncursed wooden harp G - 6 blessed tallow candles (0:200) L - an uncursed tin whistle Q - 5 uncursed tallow candles (0:200) S - 2 cursed tallow candles (0:200) Gems n - 2 uncursed worthless pieces of violet glass r - an uncursed worthless piece of black glass H - 2 uncursed worthless pieces of blue glass I - an uncursed worthless piece of orange glass Y - an uncursed worthless piece of yellowish brown glass Spells known in the end: Name Level Category Fail Memory a - force bolt 1 attack 0% 92% b - magic missile 2 attack 0% 92% c - remove curse 3 clerical 70% 92% d - detect monsters 1 divination 0% 93% e - detect food 2 divination 0% 95% f - protection 1 clerical 0% 95% g - knock 1 matter 0% 98% h - sleep 1 enchantment 0% 98% i - jumping 1 escape 0% 100% j - healing 1 healing 0% 100% Your skills at the end: Fighting Skills Weapon Skills quarterstaff [Basic] Spellcasting Skills attack spells [Basic] enchantment spells [Basic] Final Attributes: You were piously aligned. You were sleep resistant. You were magic-protected. You were telepathic. You had infravision. You could walk on water. You were lucky. You are dead. Vanquished creatures: a lieutenant a shark 8 soldiers a giant eel a dingo an Uruk-hai a fog cloud 6 gnome lords a gnomish wizard 3 giant ants 7 dwarves an iguana a hobbit 20 gnomes 2 jackals 2 goblins a sewer rat a lichen a kobold zombie a newt 61 creatures vanquished. Voluntary challenges: You followed a strict vegan diet. You used a wielded weapon 79 times, starting on turn 21. You read items or engraved 61 times, starting on turn 124. You never genocided any monsters. You never polymorphed an object. You never changed form. You used no wishes. You never split a pudding. You wrote Elbereth's name 35 times, starting on turn 870. You never violated your personal moral code. You disabled loading bones files. Dungeon overview: The Dungeons of Doom: levels 1 to 28 Level 1 a fountain a long staircase Level 2 stairs to The Gnomish Mines Level 3 Level 4 Level 5 Level 6 Level 7 (throne) Level 8 Level 9 (shopleft) a hardware shop Level 10 (shoptopright) a general store Level 11 Level 12 Level 13 (chauns, quest) Level 14 (throne) Level 15 Level 16 (throne) Level 17 Level 18 (graves) Level 19 (temple) Level 20 (bees) Level 21 (shopleft) Level 22 Level 23 (throne) Level 24 Level 25 Level 26 (blackcorn) Level 27 Level 28 <- You were here a fountain, a throne The Gnomish Mines: levels 3 to 5 Level 3 stairs to The Dungeons of Doom Level 4 Level 5 many shops, a temple to Ptah, some fountains, some trees History has recorded: On T:1 you entered the Dungeons of Doom to retrieve the Amulet of Yendor! On T:148 you reached level 2 of The Dungeons of Doom. On T:169 you reached level 1 of The Gnomish Mines. On T:188 you advanced to experience level 2. On T:194 you advanced to experience level 3. On T:218 you advanced to experience level 4. On T:241 you reached level 2 of The Gnomish Mines. On T:311 you advanced to experience level 5. On T:400 you reached level 3 of The Gnomish Mines. On T:562 you advanced to experience level 6. On T:831 you reached level 3 of The Dungeons of Doom. On T:859 you reached level 4 of The Dungeons of Doom. On T:885 you reached level 5 of The Dungeons of Doom. On T:912 you reached level 6 of The Dungeons of Doom. On T:937 you reached level 7 of The Dungeons of Doom. On T:961 you reached level 8 of The Dungeons of Doom. On T:990 you reached level 9 of The Dungeons of Doom. On T:1077 you reached level 10 of The Dungeons of Doom. On T:1205 you reached level 11 of The Dungeons of Doom. On T:1214 you reached level 12 of The Dungeons of Doom. On T:1238 you reached level 13 of The Dungeons of Doom. On T:1243 you reached level 14 of The Dungeons of Doom. On T:1268 you reached level 15 of The Dungeons of Doom. On T:1294 you reached level 16 of The Dungeons of Doom. On T:1317 you reached level 17 of The Dungeons of Doom. On T:1320 you reached level 18 of The Dungeons of Doom. On T:1347 you reached level 19 of The Dungeons of Doom. On T:1354 you reached level 20 of The Dungeons of Doom. On T:1380 you reached level 21 of The Dungeons of Doom. On T:1405 you reached level 22 of The Dungeons of Doom. On T:1430 you reached level 23 of The Dungeons of Doom. On T:1457 you reached level 24 of The Dungeons of Doom. On T:1489 you reached level 25 of The Dungeons of Doom. On T:1513 you reached level 26 of The Dungeons of Doom. On T:1539 you reached level 27 of The Dungeons of Doom. On T:1564 you reached The Castle. On T:1593 you advanced to experience level 7. On T:1599 you advanced to experience level 8. On T:1612 you advanced to experience level 9. Score breakdown: Gold: 49 ( 5779 points) Experience: 9 levels (15756 points) Exploration: 28 levels ( 54.90%) (22045 points) Discoveries: 16 items ( 5.80%) ( 7223 points) Valuables value: (no points given unless you survive) Artifact value: 0 ( 0 points) Variety of kills: 20 monsters ( 5.28%) ( 6891 points) Time penalty: 1697 turns ( 0 points) Survival: died (score multiplied by 80%) Total score: 46155 Latest messages: y - an uncursed harp. v - an uncursed key. L - an uncursed tin whistle. r - an uncursed black gem. H - 2 uncursed blue gems. I - an uncursed orange gem. Y - an uncursed yellowish brown gem. A yellowish brown gem lands on the altar. You drop a scroll labeled DUAM XNAHT. You drop a blessed spellbook of magic missile. You sold a blessed spellbook of magic missile for 100 gold pieces. You drop an uncursed spellbook of remove curse. You sold an uncursed spellbook of remove curse for 150 gold pieces. You drop a wand of magic missile (0:0). As you read the scroll, it disappears. The ceiling rumbles above you! The nurse is hit by a boulder! The ogre king is hit by a boulder! The ogre is hit by a boulder! The elf mummy is hit by a boulder! You are hit by a boulder! You die... Final status: Goodbye nht the Wizard, killed by a scroll of earth... You died in The Dungeons of Doom on dungeon level 28 with 46155 points, and 49 pieces of gold, after 1697 moves. You were level 9 with a maximum of 59 hit points when you died.